 Dungeon Crawl Stone Soup version 0.19.1-1-g22dce08 (webtiles) character file.

226 McKennaii the Magician (level 5, -1/31 HPs)
             Began as a High Elf Wizard on Jan 4, 2017.
             Slain by a jackal (3 damage)
             ... on level 4 of the Dungeon.
             The game lasted 00:22:13 (2432 turns).

McKennaii the Magician (High Elf Wizard)            Turns: 2432, Time: 00:22:13

Health: -1/31      AC:  2    Str:  7    XL:     5   Next: 69%
Magic:  14/14      EV: 13    Int: 22    God:
Gold:   143        SH:  0    Dex: 13    Spells: 5 memorised, 5 levels left

rFire  + . .     SeeInvis .     y - +3 flail (protect)
rCold  . . .     Gourm    .     a - +0 robe
rNeg   . . .     Faith    .     (no shield)
rPois  .         Spirit   .     b - +0 hat
rElec  .         Reflect  .     (no cloak)
rCorr  .         Harm     .     (no gloves)
MR     .....                    (no boots)
Stlth  ++........               (no amulet)
                                v - ring of wizardry
                                q - ring of protection from fire

@: no status effects
A: no striking features
a: no special abilities


You were on level 4 of the Dungeon.
You were not hungry.

You visited 1 branch of the dungeon, and saw 4 of its levels.

You collected 143 gold pieces.

Inventory:

Hand Weapons
 y - a +3 flail of protection (weapon)
Armour
 a - a +0 robe (worn)
 b - a +0 hat (worn)
Jewellery
 q - a ring of protection from fire (left hand)
 v - a ring of wizardry (right hand)
Wands
 e - a wand of flame (14/48)
 t - a wand of heal wounds (6/9)
Scrolls
 i - a scroll of remove curse
 j - a scroll of recharging {unknown}
 p - 2 scrolls of identify
 r - a scroll of enchant armour {unknown}
 s - a scroll of noise {unknown}
 w - a scroll of immolation {unknown}
Potions
 l - 2 potions of curing
 u - a potion of mutation {unknown}
Books
 c - a book of Minor Magic

   Spells                             Type                      Level
   a - Magic Dart                     Conjuration                  1
   b - Blink                          Translocation                2
   c - Call Imp                       Summoning                    2
   d - Repel Missiles                 Charms/Air                   2
   e - Slow                           Hexes                        2
   f - Conjure Flame                  Conjuration/Fire             3
   g - Mephitic Cloud                 Conjuration/Poison/Air       3
Comestibles
 d - 2 bread rations
 k - a beef jerky
 m - a fruit
 o - 2 slices of pizza


   Skills:
 + Level 2.9 Dodging
 + Level 2.4 Stealth
 + Level 0.4 Unarmed Combat
 + Level 5.9 Spellcasting
 + Level 2.8 Conjurations
 + Level 1.7 Summonings
 + Level 1.1 Translocations


You had 5 spell levels left.
You knew the following spells:

 Your Spells              Type           Power        Failure   Level  Hunger
a - Magic Dart            Conj           ###.         1%          1    None
b - Call Imp              Summ           ##......     4%          2    None
c - Slow                  Hex            #.......     7%          2    None
d - Blink                 Tloc           N/A          4%          2    None
e - Conjure Flame         Conj/Fire      ##......     7%          3    ##.....


Dungeon Overview and Level Annotations

Branches:
Dungeon (4/15)
 Temple: D:4-7

Altars:


Message History

Your crimson imp blinks!
The jackal barely misses you.
Your crimson imp barely misses the jackal.
The orc hits your crimson imp.
The jackal bites you but does no damage.
Your crimson imp hits something.
The orc hits your crimson imp.
Your crimson imp disappears in a puff of smoke!
The jackal bites you.
* * * LOW HITPOINT WARNING * * *
Your crimson imp closely misses the orc.
The jackal bites you.
* * * LOW HITPOINT WARNING * * *
The jackal closely misses you.
There is a stone staircase leading up, spattered with blood here.
You can't go down here!
Your crimson imp disappears in a puff of smoke!
The jackal bites you.
* * * LOW HITPOINT WARNING * * *
The jackal bites you.
You die...

....... #.....###+####
#######
#.....##.....###.....#
##.....##...@.........#
#......#....h).........#
......#...............#
#.....##..o.(##......## +#
##.....##.....##......# ...
+.>).......(..........#
....##.....##..ยง..........#
.... #.....##.............#
.... #)...................#


You could see an orc and a jackal.

Vanquished Creatures
  Jessica (D:2)
  An adder (D:2)
  2 worms
  2 dart slugs
  2 leopard geckos (D:1)
  An orc (D:3)
  7 bats
  2 giant cockroaches
  21 goblins
  11 hobgoblins
  5 jackals (D:3)
  A ball python (D:2)
  5 frilled lizards
  7 kobolds
  A quokka zombie (D:3)
  4 rats
73 creatures vanquished.

Vanquished Creatures (collateral kills)
  Edmund (D:3)
  A hound (D:3)
  Robin (D:3)
  2 worms (D:3)
  A leopard gecko (D:3)
  3 orcs
  A goblin (D:4)
  2 hobgoblins (D:3)
  A jackal (D:3)
  A quokka (D:2)
  A frilled lizard (D:3)
15 creatures vanquished.

Grand Total: 88 creatures vanquished

Notes
Turn   | Place    | Note
-------+----------+-------------------------------------------
     0 | D:1      | McKennaii the High Elf Wizard began the quest for the Orb.
     0 | D:1      | Reached XP level 1. HP: 11/11 MP: 6/6
   159 | D:1      | Reached skill level 4 in Spellcasting
   159 | D:1      | Reached XP level 2. HP: 17/17 MP: 1/8
   164 | D:1      | Learned a level 2 spell: Call Imp
   167 | D:1      | Learned a level 2 spell: Slow
   170 | D:1      | Learned a level 2 spell: Blink
   719 | D:2      | Reached XP level 3. HP: 21/21 MP: 5/9
   813 | D:2      | Noticed Jessica
   823 | D:2      | Killed Jessica
   990 | D:2      | Reached XP level 4. HP: 27/27 MP: 8/11
   994 | D:2      | Reached skill level 5 in Spellcasting
   999 | D:2      | Learned a level 3 spell: Conjure Flame
  1007 | D:2      | Learned a level 3 spell: Mephitic Cloud
  1405 | D:3      | Reached skill level 1 in Summonings
  1934 | D:4      | Noticed Edmund
  2077 | D:3      | Killed Edmund
  2077 | D:3      | Reached XP level 5. HP: 28/31 MP: 0/14
  2139 | D:4      | Noticed Robin
  2271 | D:3      | Killed Robin
  2432 | D:4      | Slain by a jackal

Skill      XL: |  1  2  3  4 |
---------------+-------------+-----
Spellcasting   | 4 5 |  5.9
Conjurations   | 2 |  2.8
Summonings     | 1 |  1.7
Dodging        | |  2.9
Stealth        | |  2.4
Unarmed Combat | |  0.4
Translocations | |  1.1

Action                   |  1- 3 |  4- 6 || total
-------------------------+-------+-------++-------
Melee: Unarmed           |     5 |    31 ||    36
       Flail             |       |    14 ||    14
 Cast: Magic Dart        |    71 |    83 ||   154
       Call Imp          |     2 |    34 ||    36
  Use: Scroll            |       |     9 ||     9
       Potion            |       |     2 ||     2
  Eat: Bread ration      |       |     1 ||     1
       Fruit             |       |     1 ||     1
Armor: Robe              |     1 |    10 ||    11
Dodge: Dodged            |    12 |    84 ||    96
